cohdb
Replays
Latest Replays
All Replays
Popular Replays
Top Player Replays
Match Explorer
How It Works
Community
CoH3 Stats
Reddit
Sign in to upload your games and track your stats! →
Sign in with Steam
Match 41529347
Unlisted
Match 41529347
Overview
Messages
Build Orders
End
Construct Section Command Post
Vickers Machine Gun Team
Royal Engineer Section
Vickers Machine Gun Team
Infantry Section
Selects Canadian Shock Battlegroup
Selects Attacking Spirit
Selects Canadian Shock Section
Canadian Shock Section
Royal Engineer Section
Construct Platoon Command Post
Selects Incendiary Munitions
6-pounder Anti-tank Gun Team
Team Weapon Training
Infantry Training
6-pounder Anti-tank Gun Team
Construct Company Command Post
Selects Pyrotechnics
Matilda II Heavy Tank
Foot Guards Section
Canadian Shock Section
Unlock Towed 17-pounder Anti-tank Guns
PietroAlierii
cottonpicker_69420
WayTooTicklish
Mr.Faraam
0
0
Comments
sign in to comment!
No comments posted yet!